[Event "Early-Titled-Tuesday-Blitz-October-17-2023"]
[Site "Chess.com"]
[Date "2023.10.17"]
[Round "5"]
[White "iJueles"]
[Black "Makswolf200817"]
[Result "1/2-1/2"]
[WhiteElo "2445"]
[BlackElo "2681"]
[TimeControl "180+1"]
[EndTime "8:59:18 PDT"]
[Termination "Game drawn by agreement"]

1. d4 d5 2. c4 e6 3. Nc3 c6 4. e4 dxe4 5. Nxe4 Bb4+ 6. Bd2 Qxd4 7. Bxb4 Qxe4+ 8. Ne2 Na6 9. Bf8 Ne7 10. Bxg7 Rg8 11.
Qd4 Qxd4 12. Bxd4 c5 13. Bc3 Nc6 14. g3 e5 15. Bg2 Nd4 16. Kd2 Nc7 17. Bxd4 cxd4 18.
Nc1 Be6 19. Re1 f6 20. Bxb7 Rb8 21. Bc6+ Kf7 22. b3 h5 23. h4 Na6 24. Nd3 Kg7 25.
Bf3 Kh6 26. Rac1 Rgc8 27. Nf4 Bf7 28. Nd3 Bg6 29. Be4 f5 30. Bd5 e4 31. Nf4 Nb4 32.
Ra1 Rc5 33. Reb1 Nxd5 34. Nxd5 f4 35. Re1 fxg3 36. fxg3 e3+ 37. Ke2 Rd8 38. Rad1 Rdxd5 39. cxd5 Rxd5 40. Rf1 Bf5 41. Rxf5 Rxf5 42. Rxd4 Ra5 43. Ra4 Rc5 44. Kxe3 a5 45. Rc4 Re5+ 46. Kf4 Re2 47. Rc6+ Kg7 48. a4 Rb2 49. Rb6 Rf2+ 50. Ke3 Rg2 51. Kf3 Rc2 52. Rb5 Kh6 53. Rxa5 Rc3+ 54. Kf4 Rxb3 55. Ra6+ Kg7 56. a5 Ra3 57. Ra7+ Kg6 58.
a6 Ra4+ 59. Kf3 Ra3+ 60. Kg2 Ra2+ 61. Kh3 Ra3 62. Ra8 Kg7 63. a7 Ra2 64. g4 hxg4+ 65. Kg3 Ra4 66. h5 Kh7 67. h6 Ra3+ 68. Kxg4 Ra4+ 69.
Kf5 Ra5+ 70. Ke6 Ra2 71. Kd6 Ra1 72. Kc6 Rc1+ 73. Kb5 Rb1+ 74. Kc4 Rc1+ 75. Kb3 Ra1 76. Kb2 Ra6 77. Kb3 Ra1 78. Kc4 Rc1+ 79. Kd5 Rd1+ 80. Kc6 Rc1+ 81. Kd6 Rd1+ 82. Ke6 Re1+ 83. Kf5 Rf1+ 84. Kg5 Rg1+ 85. Kf6 Rf1+ 86. Ke7 Re1+ 87. Kd8 Rd1+ 88. Kc8 Rc1+ 89. Kb8 Rb1+ 90. Kc8 Rc1+ 1/2-1/2

[Event "Early-Titled-Tuesday-Blitz-October-17-2023"]
[Site "Chess.com"]
[Date "2023.10.17"]
[Round "5"]
[White "Alenzer"]
[Black "CuattroPrincesses"]
[Result "0-1"]
[WhiteElo "2100"]
[BlackElo "2272"]
[TimeControl "180+1"]
[EndTime "8:59:25 PDT"]
[Termination "CuattroPrincesses won by resignation"]

1. e4 c5 2. Nf3 d6 3. c3 Nf6 4. h3 Nbd7 5. Bd3 b6 6. Bc2 Bb7 7. Qe2 Qc7 8. O-O Rc8 9. Na3 a6 10. d3 e6 11. Be3 Be7 12. Nc4 b5 13. Ncd2 O-O 14. a4 Nb6 15. a5 Nbd7 16. Bf4 Ne5 17. Nxe5 dxe5 18. Bg3 Rcd8 19. f4 Bd6 20. fxe5 Bxe5 21.
Bxe5 Qxe5 22. Nf3 Qc7 23. e5 Nh5 24. Kh2 Nf4 25. Qe3 Ng6 26. d4 Bxf3 27. Bxg6 fxg6 28.
Rxf3 Rxf3 29. gxf3 cxd4 30. cxd4 Qc2+ 31. Kg3 Qxb2 32.
Rd1 Qa2 33. Qg5 Qd5 34. Qe7 Rf8 35. Rd3 b4 36. Qxb4 h5 37. Qc5 Qxc5 38. dxc5 Rc8 39. Rc3 Kf7 40. Kf4 Ke7 41. c6 Kd8 42. Ke4 Kc7 43.
Kd4 Rf8 44. Kc5 Rf5 45. f4 g5 46. Rb3 gxf4 47. Rb7+ Kc8 48. Rxg7 f3 49. Kd6 Rf8 50.
Ra7 Kb8 51. Rb7+ Ka8 52. Rb2 f2 53. Rxf2 Rxf2 54. Kxe6 Rc2 55. Kd7 Kb8 56. e6 Rd2+ 57. Ke7 Kc7 58. Kf7 Kxc6 59. e7 Rf2+ 60. Kg7 Re2 61.
Kf7 Kd7 62. e8=Q+ Rxe8 63. Kg6 Re3 64. Kxh5 Rxh3+ 65. Kg5 Ra3 66. Kf5 Rxa5+ 67. Ke4 Rb5 68. Kd4 Rb7 69. Kc4 a5 70. Kc3 Kc8 71. Kc2 a4 72. Kc1 a3 73. Kc2 a2 0-1

[Event "Early-Titled-Tuesday-Blitz-October-17-2023"]
[Site "Chess.com"]
[Date "2023.10.17"]
[Round "5"]
[White "Aash20"]
[Black "MDBIchess"]
[Result "1-0"]
[WhiteElo "2549"]
[BlackElo "2360"]
[TimeControl "180+1"]
[EndTime "8:59:27 PDT"]
[Termination "Aash20 won by checkmate"]

1. e4 c5 2. Nf3 g6 3. Nc3 Nc6 4. Bc4 Bg7 5. d3 e6 6. O-O Nge7 7. h3 O-O 8. Bg5 h6 9. Bf4 d5 10. Bb3 b6 11. Qd2 Kh7 12. Rae1 Bb7 13. exd5 Nxd5 14. Nxd5 exd5 15. Ne5 Nxe5 16. Bxe5 Re8 17. Bxg7 Kxg7 18. Qc3+ Qf6 19. Qxf6+ Kxf6 20. f3 Bc6 21. Kf2 a5 22. c3 d4 23. cxd4 cxd4 24. Rxe8 Rxe8 25. Rc1 Bb5 26.
Bc4 Rc8 27. b3 a4 28. bxa4 Bxa4 29. Rb1 b5 30. Bb3 Rc3 31. Bxa4 bxa4 32. Rb4 Rc2+ 33. Kg3 Rxa2 34. Rxd4 a3 35. Ra4 Ra1 36. Ra5 a2 37.
Kf2 h5 38. h4 Ke6 39. Kg3 f6 40.
Kf4 Ke7 41. d4 Kd7 42. Ra6 Ke7 43. d5 Kd7 44. Kg3 g5 45. hxg5 fxg5 46. Kh2 h4 47. Ra4 Kd6 48. Ra5 Ke5 49. d6+ Kxd6 50. Ra6+ Ke5 51. Ra5+ Kd4 52. Ra4+ Ke3 53. Ra3+ Kf2 54.
Ra5 Ke2 55. Ra4 Kd3 56. Ra8 Kc2 57. Rc8+ Kb1 58. Rb8+ Kc1 59. Rc8+ Kd1 60. Rd8+ Ke1 61. Re8+ Kf1 62. Ra8 Kf2 63. Ra7 h3 64. gxh3 Kxf3 65.
Ra3+ Kf4 66. Ra4+ Kf5 67. Ra5+ Kg6 68. Kg2 Kf6 69. Ra6+ Kf5 70. Ra5+ Ke4 71. Ra4+ Kd3 72. Ra8 Kc4 73. Rc8+ Kb3 74. Rb8+ Kc2 75. Rc8+ Kd3 76.
Rd8+ Ke4 77. Re8+ Kd5 78. Ra8 Kc6 79. Ra5 Kb6 80. Ra3 Kc6 81. Ra8 Kd5 82. Ra5+ Ke6 83.
Ra6+ Kf7 84. Ra7+ Kg6 85. Ra6+ Kh5 86. Kh2 Kh4 87. Rh6# 1-0

[Event "Early-Titled-Tuesday-Blitz-October-17-2023"]
[Site "Chess.com"]
[Date "2023.10.17"]
[Round "5"]
[White "blitzo_vich"]
[Black "Byniolus"]
[Result "0-1"]
[WhiteElo "2603"]
[BlackElo "2795"]
[TimeControl "180+1"]
[EndTime "8:59:33 PDT"]
[Termination "Byniolus won on time"]

1. c4 c6 2. Nf3 d5 3. e3 Nf6 4. Nc3 Bg4 5. Be2 e6 6. h3 Bh5 7. b3 Nbd7 8. Bb2 Be7 9. Qc2 Bg6 10. d3 h6 11. O-O O-O 12. Rad1 a5 13. Rfe1 Bd6 14. e4 dxe4 15. dxe4 Qe7 16. Qd2 Bb4 17. e5 Ne4 18. Qxd7 Qxd7 19. Rxd7 Nxc3 20. Bxc3 Bxc3 21. Rc1 Bb2 22. Rcd1 Rab8 23. Bd3 Bxd3 24. R1xd3 b5 25. c5 Ba3 26. Rc3 Rfc8 27. Rc2 a4 28. Nd4 Ra8 29. Rd6 axb3 30. axb3 Ra6 31. Nxb5 Ra5 32. Nd4 Rxc5 33. Rxc5 Bxc5 34. Rxc6 Rd8 35. Nxe6 Rd1+ 36. Kh2 Bxf2 37. Rc8+ Kh7 38. Nf8+ Kg8 39. b4 g5 40. Ne6+ Kh7 41. Nc5 Rb1 42. Rc7 Kg6 43. Rc6+ Kg7 44. Nd3 Be3 45. Rc4 Rb3 46. Nc5 Bf4+ 47.
g3 Rb2+ 48. Kg1 Bxg3 49. Ne4 Bf4 50. Kf1 Kg6 51. Rc6+ Kf5 52. Nf2 Bxe5 53. Rxh6 Rxb4 54. Rh7 f6 55. Re7 Rb1+ 56. Kg2 Rb2 57. Kf3 Rb3+ 58. Kg2 Bd4 59. Ng4 Rb2+ 60. Kf3 Rb3+ 61. Kg2 Ra3 62.
Kh2 Kg6 63. Kg2 f5 64. Nh2 Ra2+ 65. Kh1 Kf6 66. Rb7 Be5 67. Rb6+ Kg7 68. Nf3 Bf4 69. Nd4 Ra1+ 70. Kg2 Ra2+ 71. Kf3 Ra3+ 72. Kg2 Ra5 0-1

[Event "Early-Titled-Tuesday-Blitz-October-17-2023"]
[Site "Chess.com"]
[Date "2023.10.17"]
[Round "5"]
[White "Tonychess32"]
[Black "wadsy27"]
[Result "0-1"]
[WhiteElo "2498"]
[BlackElo "2653"]
[TimeControl "180+1"]
[EndTime "8:59:35 PDT"]
[Termination "wadsy27 won on time"]

1. e4 c5 2. Nf3 e6 3. c3 Nf6 4. e5 Nd5 5. d4 cxd4 6. cxd4 d6 7. Bd3 dxe5 8. Nxe5 Nc6 9. Nxc6 bxc6 10.
O-O Bd6 11. Nc3 O-O 12. Ne4 Be7 13. Re1 a5 14. a3 Ba6 15. Bc2 Nf6 16. Be3 Rb8 17.
b3 Qc7 18. Nc5 Bxc5 19. dxc5 Rfd8 20. Qf3 Bd3 21. Bf4 Qxf4 22. Qxf4 Bxc2 23. b4 axb4 24. axb4 Nd5 25. Qg3 Rxb4 26. Rec1 Bg6 27. h3 h5 28. Ra6 h4 29. Qg5 Rc8 30. Rca1 Rbb8 31. Qxh4 Nb4 32. Rb6 Nd3 33. Rxb8 Rxb8 34. Qg3 Rc8 35.
Ra7 Nxc5 36. h4 Ne4 37. Qe3 Nf6 38. Qe5 Be4 39. f3 Bd5 40. h5 Nh7 41. Kh2 Nf8 42.
h6 gxh6 43. Qf4 e5 44. Qxh6 Re8 45. Qf6 Ng6 46. Kg1 Rc8 47. Rd7 Re8 48. Rd8 Rxd8 49. Qxd8+ Kg7 50. Kf2 Kh7 51. Qc7 Kg7 52. g3 Kf6 53.
Qd7 Kg7 54. Qd6 Kg8 55. Ke3 Kg7 56.
Qc7 Kg8 57. Qd8+ Kg7 58. Qg5 Kg8 59. f4 exf4+ 60. gxf4 Kf8 61. f5 Ne7 62. Qh6+ Ke8 63. Kf4 Kd7 64. Ke5 Nc8 65. Qf6 Kc7 66. Qg7 Kd7 67. Qg3 Kc7 68. Kf6+ Kd7 69. Qd3 Nd6 70. Qa6 Ne4+ 71. Ke5 f6+ 72. Kd4 Kd6 73. Qa3+ c5+ 74. Ke3 Ke5 75. Qa7 Kxf5 76. Qd7+ Ke5 77. Qe7+ Kf5 78.
Qh7+ Ke5 79. Qh5+ f5 80. Qe8+ Kd6 81. Kf4 c4 82. Qd8+ Kc5 83. Qc7+ Bc6 84. Ke3 c3 85. Qe5+ Bd5 86. Qd4+ Kd6 87. Kd3 f4 0-1

[Event "Early-Titled-Tuesday-Blitz-October-17-2023"]
[Site "Chess.com"]
[Date "2023.10.17"]
[Round "5"]
[White "Kirill_Klukin"]
[Black "Polish_fighter3000"]
[Result "0-1"]
[WhiteElo "2676"]
[BlackElo "3039"]
[TimeControl "180+1"]
[EndTime "8:59:38 PDT"]
[Termination "Polish_fighter3000 won by resignation"]

1. d4 b6 2. c4 Bb7 3. Nc3 e6 4. Nf3 f5 5. g3 Bb4 6. Bd2 Nf6 7. Bg2 O-O 8. O-O a5 9. a3 Bxc3 10. Bxc3 d6 11. b4 Ne4 12. Bb2 Nd7 13. Ne1 axb4 14. axb4 Qe7 15. Nd3 Rxa1 16. Qxa1 Ra8 17. Qc1 c5 18.
dxc5 bxc5 19. f3 Nef6 20. bxc5 Nxc5 21. Nxc5 dxc5 22. Qe3 Ra4 23. Rc1 Ba6 24. Ba3 Nd7 25.
Qb3 Ra5 26. f4 h6 27. Bb2 Bc8 28. Ra1 Qd8 29. Kf2 Rxa1 30. Bxa1 Ba6 31. Qa4 Qc8 32. Qb3 Qc7 33. Qa4 Qc8 34. Qb3 Kh7 35. Bf3 Qc7 36. Qa4 Bc8 37. Qa3 Nb6 38. Qa5 Qd6 39. Be5 Nxc4 40. Bxd6 Nxa5 41. Bxc5 Bb7 42. Bd4 Bd5 43. Bc3 Nc6 44. Bxd5 exd5 45. e3 g6 46. h3 Kg8 47. g4 Kf7 48. Kg3 Ne7 49. Bd4 Nc6 50. Bc3 Nd8 51. Kf3 Ne6 52. Bb4 Kf6 53. Bc3+ Ke7 54.
Bb4+ Kd7 55. Ba3 Nd8 56. h4 h5 57. gxf5 gxf5 58. Ke2 Ne6 59. Kd3 Kc6 60. Bb4 Kb5 61. Bc3 Ka4 62. Kc2 Nc5 63. Bd4 Ne4 64. Kd3 Nf2+ 65.
Ke2 Ng4 66. Kd3 Kb5 67. Bc3 Kc5 68. Bd4+ Kd6 69. Bc3 Nf2+ 70. Ke2 Ne4 71. Bb4+ Ke6 72. Kd3 Nf6 73. Be1 Nd7 74. Kd4 Nf8 75. Kc5 Ng6 76.
Kc6 d4 77. exd4 Nxf4 78. Bf2 Nd5 79. Kc5 f4 80. Kc4 Nf6 81. Kc5 Ne4+ 82. Kc6 Nxf2 83. d5+ Ke7 84. d6+ Kd8 85. Kd5 f3 86. Kd4 Ng4 87. Kd3 Kd7 0-1

[Event "Early-Titled-Tuesday-Blitz-October-17-2023"]
[Site "Chess.com"]
[Date "2023.10.17"]
[Round "5"]
[White "MMAHDI2013"]
[Black "HouseOfDurin"]
[Result "1-0"]
[WhiteElo "2478"]
[BlackElo "2289"]
[TimeControl "180+1"]
[EndTime "8:59:40 PDT"]
[Termination "MMAHDI2013 won by resignation"]

1. c4 c5 2. Nf3 Nc6 3. b3 e5 4.
Bb2 d6 5. g3 g6 6. Bg2 Bg7 7.
O-O Nge7 8. d3 O-O 9. Nc3 h6 10. Nd2 Be6 11. Nd5 Bxd5 12. cxd5 Nb4 13. e4 Nxd3 14. Bc3 Nb4 15. a3 Na6 16. Qe2 Nc7 17. Rad1 b5 18. f4 f6 19. h4 b4 20. Bb2 bxa3 21.
Bxa3 Rb8 22. h5 g5 23. Bh3 Nb5 24. Bb2 Nd4 25. Bxd4 cxd4 26. Be6+ Kh8 27. fxg5 hxg5 28. Kg2 Bh6 29. Qd3 Qb6 30. Nc4 Qxb3 31. Qxb3 Rxb3 32.
Nxd6 g4 33. Bxg4 Rb2+ 34. Kh3 Kg7 35. Ra1 Ra8 36. Ra6 Bg5 37. Nc4 Rb4 38. Na3 Rb6 39. Rxb6 axb6 40. Nb5 Ra5 41. Nd6 Nxd5 42. exd5 Rxd5 43. Nf5+ Kh7 44. Bf3 Rb5 45. Be4 Rb3 46. Nxd4+ Kh6 47. Nxb3 b5 48. Nc5 b4 49. Nb3 Be3 50. Kg4 Bg5 51. Kf5 Kg7 52. Ke6 Kh6 53. g4 Bf4 54. Kxf6 Bd2 55. Kxe5 Bg5 56. Kd5 Bd8 57. Kc4 Be7 58. Ra1 Kg5 59. Ra5+ Kxg4 60.
h6 Bf6 61. h7 Kf4 62. Ra8 Bc3 63. h8=Q Bxh8 64. Rxh8 Kxe4 65. Rb8 Ke5 66. Rxb4 Kd6 67. Kb5 Ke5 68. Ka5 Kd5 69. Kb5 Kd6 70. Rd4+ Ke5 71. Kc5 Ke6 72. Re4+ Kf6 73. Kd5 Kf5 74. Nd4+ Kf6 75.
Rf4+ Kg5 76. Ke5 Kg6 77. Nf3 Kg7 78. Ke6 Kg6 79. Rg4+ Kh5 80. Kf5 Kh6 81. Rg5 Kh7 82. Kf6 Kh8 83. Kg6 Kg8 84. Rf5 1-0

[Event "Early-Titled-Tuesday-Blitz-October-17-2023"]
[Site "Chess.com"]
[Date "2023.10.17"]
[Round "5"]
[White "CristianS27"]
[Black "CSB7"]
[Result "0-1"]
[WhiteElo "2509"]
[BlackElo "2743"]
[TimeControl "180+1"]
[EndTime "8:59:49 PDT"]
[Termination "CSB7 won on time"]

1. e4 d5 2. exd5 Qxd5 3. Nc3 Qa5 4. d4 Nf6 5. Nf3 Bf5 6. Bc4 e6 7. Bd2 Bb4 8. a3 Bxc3 9. Bxc3 Qb6 10. d5 exd5 11.
Bxf6 Qxf6 12. Bxd5 c6 13. Qe2+ Kd8 14. O-O-O cxd5 15. Rxd5+ Bd7 16. Rhd1 Re8 17. Qb5 Qc6 18. Qd3 f6 19.
Qxh7 Re7 20. Qg8+ Kc7 21. Nd4 Qb6 22. Nb5+ Kc6 23. Nd4+ Kc7 24. Nb5+ Kc6 25. Rd6+ Kxb5 26. Rxb6+ axb6 27. b3 Ka6 28. h4 Ka7 29. Qc4 Na6 30.
h5 Rc8 31. Qd4 Bf5 32. Rd2 Nc5 33. Kb2 Rec7 34. c4 Bh7 35. f3 Kb8 36. g4 Ka7 37. Qf4 b5 38. h6 bxc4 39. bxc4 gxh6 40. Qxf6 Na4+ 41. Ka2 Bg8 42. Kb3 Nc5+ 43. Ka2 Bxc4+ 44. Kb2 Na4+ 45. Ka1 Bb5 46. Qd4+ Ka6 47. Ka2 Rc2+ 48. Rxc2 Rxc2+ 49. Kb1 Rb2+ 50. Kc1 Rb3 51. Qd6+ b6 52.
Qxh6 Rxa3 53. Qf8 Rc3+ 54. Kd2 Ka5 55. g5 Rc5 56. g6 Rd5+ 57. Ke3 Bc4 58. Qa8+ Kb4 59. g7 Rd3+ 60. Kf2 Rd2+ 61. Kg3 b5 62. g8=Q Bxg8 63. Qxg8 Kc3 64. Qg7+ Kb3 65. Qf7+ Kc3 66.
Qc7+ Kb3 67. Qf7+ Kc3 68. f4 b4 69. Qc7+ Kb2 70. Qa5 Ka3 71. f5 Rd3+ 72. Kf2 b3 73. f6 b2 74. Qb5 Rb3 75. Qxb3+ Kxb3 76. f7 b1=Q 77. f8=Q Qc2+ 78. Ke3 Qc3+ 79. Kf4 Nc5 80. Qb8+ Kc2 81. Qh8 Qxh8 0-1

[Event "Early-Titled-Tuesday-Blitz-October-17-2023"]
[Site "Chess.com"]
[Date "2023.10.17"]
[Round "5"]
[White "Irina_Mikhaylova"]
[Black "MidnightFox"]
[Result "1/2-1/2"]
[WhiteElo "2309"]
[BlackElo "2476"]
[TimeControl "180+1"]
[EndTime "8:59:58 PDT"]
[Termination "Game drawn by repetition"]

1. Nf3 g6 2. d4 Nf6 3. c4 Bg7 4. Nc3 d5 5. cxd5 Nxd5 6. Na4 O-O 7. e4 Nb6 8. Be3 Nxa4 9. Qxa4 c5 10. Rd1 cxd4 11.
Bxd4 Bd7 12. Qb3 Qa5+ 13. Bc3 Bxc3+ 14. Qxc3 Qxc3+ 15. bxc3 Be6 16. Rd2 Nc6 17. Nd4 Nxd4 18. cxd4 Rac8 19. d5 Bd7 20. Bd3 Rc1+ 21. Rd1 Rc3 22.
O-O Rfc8 23. Rd2 b5 24. f3 a5 25. Kf2 b4 26. Rb1 Rb8 27. Ke2 a4 28. Rc2 Rxc2+ 29. Bxc2 g5 30. Kd3 f6 31. Kd4 h6 32.
Bd3 Kf7 33. Kc5 b3 34. axb3 axb3 35. Rb2 Ba4 36. Bc4 Ke8 37. Kd4 Kd7 38. Kc3 Rc8 39. Kb4 Kd6 40. Bxb3 Bxb3 41. Kxb3 Ke5 42. Rd2 Kf4 43.
d6 exd6 44. Rxd6 Rf8 45. Rd3 f5 46. exf5 Rxf5 47. Kc3 Re5 48. Kd2 Ra5 49. Rd4+ Kf5 50. Ke3 Ra3+ 51. Rd3 Ra2 52. Rd2 Ra3+ 53. Kf2 h5 54.
Rd5+ Kg6 55. Rd2 Rb3 56. g3 Ra3 57. Kg2 Rb3 58. Rf2 Ra3 59. Re2 Rb3 60. Kf2 Ra3 61. Re6+ Kg7 62. f4 gxf4 63. gxf4 Rb3 64. Kg2 Rc3 65.
Re5 Kg6 66. Rg5+ Kh6 67. Re5 Rb3 68. Kf2 Kg6 69. Rc5 Ra3 70. Rb5 Rc3 71. Re5 Ra3 72.
Kg2 Rb3 73. Rg5+ Kh6 74. Rg3 Rb2+ 75. Kh3 Rb4 76. Rf3 Kg6 77. Kh4 Rb2 78. h3 Rb4 79.
Kg3 Kf5 80. Kh4 Rc4 81. Rf1 Rc8 82. Rg1 Kxf4 83. Rf1+ Ke5 84. Kxh5 Rg8 85. Rf7 Rg2 86. h4 Ke6 87. Rf3 Ke7 88. Rf4 Ke6 89. Rg4 Ra2 90. Rg5 Ra8 91. Kg4 Kf7 92. Rf5+ Kg7 93. Rg5+ Kh7 94.
Rh5+ Kg7 95. Rg5+ Kh7 96. Rh5+ Kg7 97. Rg5+ 1/2-1/2

[Event "Early-Titled-Tuesday-Blitz-October-17-2023"]
[Site "Chess.com"]
[Date "2023.10.17"]
[Round "5"]
[White "GeorgiosSouleidis"]
[Black "arminmusovic"]
[Result "0-1"]
[WhiteElo "2606"]
[BlackElo "2498"]
[TimeControl "180+1"]
[EndTime "9:00:01 PDT"]
[Termination "arminmusovic won by checkmate"]

1. e4 c6 2. Nc3 d5 3. Nf3 dxe4 4. Nxe4 Nf6 5. Qe2 Nxe4 6. Qxe4 Qd5 7. Qh4 Qe6+ 8. Be2 Qg4 9. Qg3 Qxg3 10. hxg3 g6 11. d4 h5 12. Ne5 Nd7 13. Nxd7 Bxd7 14. g4 Bg7 15. gxh5 Bxd4 16. c3 Bf6 17. Be3 gxh5 18.
Rxh5 Rg8 19. g3 Be6 20. Ra5 Rh8 21. O-O-O a6 22. Bb6 Bd5 23. c4 Be4 24. Rh5 Rxh5 25. Bxh5 Bg6 26. Bxg6 fxg6 27. Kc2 Be5 28. f4 Bf6 29. g4 g5 30. f5 c5 31. b3 Rc8 32.
Rd5 Bd4 33. b4 Rc6 34. bxc5 Bg1 35. Kb3 Rh6 36. Rd8+ Kf7 37. Rd7 Rh3+ 38. Ka4 Rg3 39. Rxb7 Rxg4 40. Ka5 Rxc4 41. c6 Bh2 42. Kxa6 g4 43.
Kb5 Rc2 44. c7 Bd6 45. a4 g3 46. f6 g2 47. Ka6 Bxc7 48. Ba7 Rc6+ 49. Kb5 Rb6+ 50.
Rxb6 g1=Q 51. Rb7 Qf1+ 52. Kc6 Qc4+ 53. Kd7 Bd6 54. fxe7 Bxe7 55. Bb6 Qd5+ 56. Kc8 Ke6 57. a5 Bd6 58. Bc7 Bxc7 59. Rxc7 Qxa5 60. Kb7 Qb5+ 61. Ka7 Kd6 62. Rb7 Qa5+ 63. Kb8 Kc6 64. Rf7 Qb4+ 65. Kc8 Qg4+ 66. Kd8 Qg8+ 67. Ke7 Kd5 68. Kf6 Kd6 69.
Rg7 Qf8+ 70. Rf7 Qh8+ 71. Kg6 Ke6 72. Rf3 Qg8+ 73. Kh5 Qe8+ 74. Kg4 Qg6+ 75. Kf4 Qf5+ 76. Ke3 Qg5+ 77. Ke2 Ke5 78. Re3+ Kd4 79. Rd3+ Ke4 80. Rc3 Qg2+ 81. Kd1 Kd4 82. Ra3 Kc4 83. Re3 Kd4 84.
Ra3 Qb2 85. Rh3 Qb1+ 86. Ke2 Qg1 87. Rd3+ Ke4 88. Rb3 Qg2+ 89. Kd1 Kd4 90. Kc1 Kc4 91. Ra3 Qe2 92. Kb1 Kb4 93. Ra2 Qd1+ 94. Kb2 Qd4+ 95. Kb1 Kb3 96. Ra6 Qd1# 0-1

[Event "Early-Titled-Tuesday-Blitz-October-17-2023"]
[Site "Chess.com"]
[Date "2023.10.17"]
[Round "5"]
[White "Sadykov_Ramil"]
[Black "MikaelyanArman"]
[Result "0-1"]
[WhiteElo "2606"]
[BlackElo "2858"]
[TimeControl "180+1"]
[EndTime "9:01:05 PDT"]
[Termination "MikaelyanArman won by resignation"]

1. e4 e5 2. Nf3 Nc6 3. Nc3 Nf6 4.
d4 exd4 5. Nxd4 Bb4 6. Nxc6 bxc6 7. Bd3 O-O 8. O-O Re8 9. Qf3 h6 10. Bf4 d6 11. h3 Nd7 12. Qg3 Qf6 13. Nd1 Ne5 14.
Bxe5 Rxe5 15. f4 Re8 16. c3 Bc5+ 17. Kh1 Rb8 18. Rb1 Be6 19. b3 a5 20. Rc1 Bb6 21.
Ne3 a4 22. bxa4 Ra8 23. Ng4 Bxg4 24. Qxg4 Rxa4 25. Rc2 Ra3 26. Qd7 Qe6 27. Qxc6 Bc5 28. e5 Rf8 29. Qe4 g6 30. Bc4 Qf5 31. Qxf5 gxf5 32. Bd3 Rfa8 33. exd6 Bxd6 34. Bxf5 Rxa2 35. Rxa2 Rxa2 36. Kh2 Ra4 37. Kg3 Kg7 38. Rf3 Kf6 39.
Bd7 Ra3 40. Bc6 Bc5 41. Bd5 Ra1 42. c4 Rd1 43. Rb3 Re1 44. Kf3 h5 45. g3 Rf1+ 46. Ke2 Rf2+ 47. Ke1 Rh2 48. Rb5 Bf2+ 49. Kf1 Bxg3 50. Rb7 Bxf4 51. Rb8 Rc2 52. Rf8 Ke5 53. Rxf7 c5 54. Ke1 Be3 55. Kf1 Kd4 56. Rh7 Rf2+ 57. Ke1 Kd3 58. Rd7 Kc3 59. Be6 Rh2 60.
Rd5 Bd4 61. Rxh5 Kd3 62. Kf1 Rf2+ 63. Ke1 Re2+ 64. Kf1 Rxe6 65. Rf5 Ra6 66. Rf3+ Kxc4 67. h4 Kd5 68. h5 Rh6 69. Rh3 Ke4 70. Ke2 Kf4 71.
Rh4+ Kg5 72. Rh1 Rxh5 73. Rf1 Rh3 74. Kd2 Rh4 75. Kc2 Rf4 76. Re1 Kf5 77. Kd3 Rf3+ 78.
Kc4 Rc3+ 79. Kd5 Re3 80. Rf1+ Kg6 81. Kc4 Re5 82. Kd3 Rf5 83. Re1 Kf6 84. Kc4 Re5 85.
Rf1+ Ke6 86. Rh1 Re1 87. Rh6+ Kd7 88. Kd5 Re5+ 89. Kc4 Re6 90. Rh7+ Kd6 91. Rh5 Bf2 92. Rd5+ Kc6 93. Rf5 Bg1 94. Rf4 Rd6 95. Kc3 Rd4 96. Rf6+ Kb5 97. Rf8 Be3 98. Rb8+ Kc6 99. Re8 Bd2+ 100. Kb3 c4+ 101. Kc2 Ba5 102. Re5 Bb6 103. Rg5 Bc5 104. Kc3 Kb5 105. Rg3 Re4 106. Rg5 Re3+ 107. Kc2 Kb4 108. Rg8 Re2+ 109. Kd1 Rh2 110. Rg3 c3 111. Kc1 Kb3 112. Kd1 Rh1+ 113. Ke2 Kb2 114. Rg5 c2 115. Rxc5 c1=Q 116. Rb5+ Kc2 117. Rc5+ Kb1 118. Rxc1+ Kxc1 119. Kf3 Rd1 120. Ke2 Rd8 121. Ke3 Kc2 122. Ke4 Kc3 123. Ke5 Kc4 124. Ke6 Rd1 125. Ke5 Rd2 126. Ke4 Re2+ 127. Kf3 Re8 128. Kf4 Kd5 129. Kf5 Rf8+ 130. Kg4 0-1

[Event "Early-Titled-Tuesday-Blitz-October-17-2023"]
[Site "Chess.com"]
[Date "2023.10.17"]
[Round "5"]
[White "WPWPWP-2015"]
[Black "Hasangatin_Ramil"]
[Result "1/2-1/2"]
[WhiteElo "2556"]
[BlackElo "2722"]
[TimeControl "180+1"]
[EndTime "9:03:33 PDT"]
[Termination "Game drawn by 50-move rule"]

1. e4 d5 2. exd5 Qxd5 3. Nc3 Qd6 4. g3 Nf6 5. Bg2 c6 6. Nf3 Bg4 7. h3 Bxf3 8. Qxf3 e6 9. O-O Nbd7 10. Re1 Be7 11.
d3 Qc7 12. Bf4 Bd6 13. Bd2 O-O 14. a4 a5 15. Kh2 Rfe8 16. Ne4 Nxe4 17. Qxe4 Nf6 18.
Qe2 Nd5 19. c3 g6 20. Qf3 Bf8 21. h4 h5 22. Bg5 Bg7 23. Re2 e5 24. Bd2 Nf6 25. Kg1 Qb6 26. Be3 Qb3 27. Rd2 Ng4 28.
Qd1 Qxd1+ 29. Raxd1 Nxe3 30. fxe3 Bh6 31. Kf2 Kg7 32. Re2 f5 33. d4 f4 34. exf4 exf4 35.
Rde1 fxg3+ 36. Kxg3 Rxe2 37. Rxe2 Kf6 38. d5 Rd8 39. c4 Rd6 40. c5 Rd8 41. dxc6 Rd3+ 42.
Kf2 bxc6 43. Bxc6 Bf8 44. Bb5 Bxc5+ 45. Kg2 Rd4 46. Rc2 Rg4+ 47. Kf3 Bd6 48. Rc6 Ke5 49. Rc4 Rg1 50. Be8 Kd5 51. Rc2 Be7 52. Re2 Bxh4 53.
Rg2 Rf1+ 54. Ke3 Re1+ 55. Re2 Bg5+ 56. Kf2 Rc1 57. Bxg6 h4 58. Kg2 Bf6 59. Bf7+ Kd4 60. Bg6 Rc7 61. Rf2 Be5 62. Kh3 Rg7 63. Rg2 Bg3 64. Bf5 Rg5 65. Bd7 Rg7 66. Be6 Ke5 67.
Bc4 Rc7 68. b3 Rd7 69. Re2+ Kf4 70. Re8 Rd1 71. Rf8+ Ke5 72. Rf1 Rd2 73. Rf8 Rb2 74.
Re8+ Kd4 75. Rd8+ Kc5 76. Rd5+ Kb4 77. Rb5+ Kc3 78. Rxa5 Rh2+ 79. Kg4 Be1 80. Rh5 Rg2+ 81. Kf3 Rg3+ 82. Ke2 Bd2 83. Rxh4 Re3+ 84. Kf1 Re1+ 85. Kg2 Re8 86. Rh3+ Kc2 87. Rf3 Kd1 88. Kg3 Be1+ 89.
Kf4 Bd2+ 90. Kg4 Re4+ 91. Kf5 Re8 92. Rh3 Kc2 93. Kf6 Bc3+ 94. Kf7 Re5 95. Rh2+ Kc1 96.
Rh3 Kb2 97. Rh2+ Ka3 98. Rc2 Kb4 99. Re2 Rf5+ 100. Ke6 Rh5 101. Rg2 Rh6+ 102. Kd5 Rh5+ 103. Kc6 Rh6+ 104. Kd7 Rh7+ 105. Ke6 Rh6+ 106. Kf5 Rh5+ 107. Kg4 Rh7 108. Re2 Bd4 109. Re8 Rg7+ 110. Kf5 Rh7 111. Rb8+ Kc3 112. Rc8 Kb4 113. Rb8+ Kc3 114. a5 Rh5+ 115. Ke4 Re5+ 116. Kf4 Rxa5 117. Rc8 Kb4 118. Rb8+ Kc3 119. Rc8 Kd2 120. Ke4 Bc3 121. Rg8 Re5+ 122. Kf4 Re1 123. Rg2+ Kc1 124. Bd3 Bd2+ 125. Kf5 Re8 126. Bc4 Rf8+ 127. Ke4 Re8+ 128. Kd4 Rd8+ 129. Bd5 Rd7 130. Kc4 Rc7+ 131. Kd3 Rd7 132. Rg1+ Kb2 133. Kc4 Rc7+ 134. Kd3 Rd7 135. Ke4 Bc3 136. Rg2+ Ka3 137. Be6 Re7 138. Kd5 Kb4 139. Kd6 Re8 140. Rg4+ Ka3 141. Ra4+ Kb2 142. Kd7 Rh8 143. Rg4 Rh7+ 144. Kc6 Rh8 145. Rg2+ Ka3 146. Rg3 Kb2 147. Rf3 Kc2 148. Bf5+ Kb2 149. Be6 Kc2 150. Bc4 Kb2 151. Rf2+ Ka3 152. Bf7 Kb4 153. Rf4+ Ka3 154. Rc4 Kb2 155. Re4 Rh6+ 156. Kb5 Ka3 157. Ra4+ Kb2 158. Rg4 Rf6 159. Bd5 Rf5 160. Kc4 Be5 161. Rg2+ Ka3 162. Be6 Rf4+ 163. Kd5 Bb2 164. Kd6 Rd4+ 165. Kc5 Rd8 166. Rg4 Bc3 1/2-1/2

[Event "Early-Titled-Tuesday-Blitz-October-17-2023"]
[Site "Chess.com"]
[Date "2023.10.17"]
[Round "6"]
[White "cycygogne"]
[Black "Road2GM3000"]
[Result "1-0"]
[WhiteElo "2274"]
[BlackElo "2414"]
[TimeControl "180+1"]
[EndTime "9:06:20 PDT"]
[Termination "cycygogne won by checkmate"]

1. e4 c5 2. Nf3 d6 3. d4 cxd4 4. Nxd4 Nf6 5. Nc3 a6 6. Bg5 e6 7. Qf3 Be7 8. O-O-O Qb6 9. Qg3 Nc6 10. Nb3 Bd7 11. f4 Na5 12. e5 Nh5 13. Qh4 Bxg5 14. Qxg5 Nxb3+ 15. axb3 g6 16. g4 Qe3+ 17. Kb1 Bc6 18.
exd6 Qxf4 19. Qe7# 1-0

[Event "Early-Titled-Tuesday-Blitz-October-17-2023"]
[Site "Chess.com"]
[Date "2023.10.17"]
[Round "6"]
[White "surrenderPLS"]
[Black "Josgar05"]
[Result "1-0"]
[WhiteElo "2511"]
[BlackElo "2340"]
[TimeControl "180+1"]
[EndTime "9:06:21 PDT"]
[Termination "surrenderPLS won by resignation"]

1. e4 e6 2. d4 d5 3. Nc3 dxe4 4. Nxe4 Nd7 5. Nf3 Ngf6 6. Bg5 Be7 7. Nxf6+ Nxf6 8.
Bd3 O-O 9. Qe2 b6 10. Bxf6 Bxf6 11. Qe4 g6 12. Qxa8 Qd6 13. Qe4 Bd7 14. c3 Bc6 15. Qe3 Re8 16. O-O e5 17. dxe5 Bxe5 18. Nxe5 Rxe5 19.
Qg3 Qd5 20. h4 h5 21. Rad1 Qc5 22. Rfe1 1-0

[Event "Early-Titled-Tuesday-Blitz-October-17-2023"]
[Site "Chess.com"]
[Date "2023.10.17"]
[Round "6"]
[White "wannabe2700"]
[Black "andrzej"]
[Result "0-1"]
[WhiteElo "2616"]
[BlackElo "2487"]
[TimeControl "180+1"]
[EndTime "9:06:27 PDT"]
[Termination "andrzej won by resignation"]

1. e4 e5 2. Qh5 Nc6 3. Bc4 g6 4. Qf3 Qf6 5. c3 Qxf3 6. Nxf3 d6 7. Ng5 Nh6 8. f4 Be7 9. d3 Na5 10. Bb5+ Bd7 11. Bxd7+ Kxd7 12. fxe5 dxe5 13. O-O f6 14. Nf3 Nf7 15. b4 Nc6 16. a3 Rad8 17. a4 Kc8 18.
Be3 Rxd3 19. Rd1 Rxe3 20. Rd3 Rxd3 0-1

[Event "Early-Titled-Tuesday-Blitz-October-17-2023"]
[Site "Chess.com"]
[Date "2023.10.17"]
[Round "6"]
[White "Mourinho_Jose"]
[Black "supereagles1201"]
[Result "1-0"]
[WhiteElo "2516"]
[BlackElo "2356"]
[TimeControl "180+1"]
[EndTime "9:06:30 PDT"]
[Termination "Mourinho_Jose won by resignation"]

1. Nf3 d5 2. g3 Bg4 3. Bg2 c6 4. O-O e6 5. d4 Nd7 6. Nbd2 Ngf6 7. Re1 Be7 8. e4 O-O 9. c3 a5 10. a4 Bh5 11. Qb3 Qb6 12. exd5 Qxb3 13. Nxb3 cxd5 14. Ne5 Rfc8 15. Nxd7 Nxd7 16. Bxd5 Nb6 17. Bxb7 Rcb8 18. Bxa8 Rxa8 19. Re5 Nc4 20. Rxh5 1-0